Cogmind - Beta 13 X1 @@@ ROGUE MODE // 2023.08.06 @ 14:32:40 Player: Schmee Result: Self-destructed Performance ------------- Evolutions (2) 1000 Regions Visited (6) 1200 Robots Destroyed (36) 180 Value Destroyed (1270) 1270 Prototype IDs (24) 480 Alien Tech Used (0) 0 Bonus (179) 179 TOTAL SCORE: 4309 Bonus ------- High Alert Combat Kills 29 Aligned with FarCom 300 Friendly Fire -150 Cogmind --------- Core Integrity 337/550 Matter 8/300 Energy 290/290 System Corruption 0% Temperature Cool (0) Movement Walking (130) Location -8/Storage Parts ------- > --- POWER (1) -------- Improved Deuterium Engine > --- PROPULSION (3) --- Improved Titanium Leg Improved Titanium Leg Improved Titanium Leg > --- UTILITY (5) ------ Large Storage Unit Signal Interpreter Improved Terrain Scanner Hacking Suite > --- WEAPON (2) ------- Grenade Launcher > --- INVENTORY (15) --- Ion Engine Light Treads Improved Titanium Leg Improved Heat Sink Improved Terrain Scan Processor Cloak of Protection Ion Cannon Ion Cannon Assault Rifle Minigun Gauss Rifle Light Cannon Grenade Launcher Katana Peak State ------------ > --- POWER ------------ Improved Deuterium Engine > --- PROPULSION ------- Improved Titanium Leg Improved Titanium Leg Improved Titanium Leg > --- UTILITY ---------- Large Storage Unit Signal Interpreter Improved Terrain Scanner Hacking Suite Drone Bay > --- WEAPON ----------- Ion Cannon Gauss Rifle > --- INVENTORY -------- Ion Engine Light Treads Improved Titanium Leg Improved Heat Sink Improved Terrain Scan Processor Cloak of Protection Ion Cannon Assault Rifle Minigun Light Cannon Grenade Launcher Grenade Launcher Grenade Launcher Grenade Launcher Katana [Rating: 39] Favorites ----------- Power Ion Engine Engine Ion Engine Propulsion Aluminum Leg Treads Light Treads Leg Aluminum Leg Utility Large Storage Unit Device Improved Terrain Scanner Storage Large Storage Unit Processor Signal Interpreter Hackware Hacking Suite Protection Light Armor Plating Weapon Assault Rifle Energy Cannon Ion Cannon Ballistic Gun Assault Rifle Ballistic Cannon Light Cannon Launcher Grenade Launcher Build | -11 -10 -10 -10 -9 -8 -8 ------- Run | Jun Mat Min Exi Min Mat Sto Slots Evolved 4 | . . . . . 4 . Power . | . . . . . . . Propulsion 1 | . . . . . 1 . Utility 3 | . . . . . 3 . Weapon . | . . . . . . . Parts Attached 46 | 1 7 . 5 . 28 5 Power 3 | . 1 . . . 2 . Engine 3 | . 1 . . . 2 . Core . | . . . . . . . Reactor . | . . . . . . . Propulsion 8 | . 1 . . . 7 . Treads 1 | . . . . . 1 . Leg 7 | . 1 . . . 6 . Wheel . | . . . . . . . Hover . | . . . . . . . Flight . | . . . . . . . Utility 22 | 1 3 . 5 . 11 2 Device 7 | 1 . . . . 4 2 Storage 4 | . 1 . 3 . . . Processor 1 | . . . 1 . . . Hackware 1 | . . . . . 1 . Protection 9 | . 2 . 1 . 6 . Artifact . | . . . . . . . Weapon 13 | . 2 . . . 8 3 Energy Gun . | . . . . . . . Energy Cannon 2 | . . . . . 2 . Ballistic Gun 3 | . . . . . 3 . Ballistic Cannon 2 | . 1 . . . 1 . Launcher 6 | . 1 . . . 2 3 Special Weapon . | . . . . . . . Impact Weapon . | . . . . . . . Slashing Weapon . | . . . . . . . Piercing Weapon . | . . . . . . . Special Melee Weapon . | . . . . . . . Unidentified Prototypes 1 | . . . . . 1 . Parts Lost 10 | . 1 . . . 6 3 Power . | . . . . . . . Propulsion 1 | . . . . . 1 . Utility 7 | . 1 . . . 5 1 Weapon 2 | . . . . . . 2 Highest Loss Streak 2 | . 1 . . . 2 2 To Critical Strikes . | . . . . . . . Average Slot Usage (%) 98 | . 98 100 99 100 93 96 Engine 12 | . 14 14 14 14 9 9 Leg 26 | . 28 28 28 28 20 27 Device 3 | . 6 . . . 8 17 Storage 12 | . 14 14 13 14 9 9 Processor 6 | . . . 4 14 9 9 Protection 7 | . 6 14 9 . 14 . Energy Cannon 1 | . . . . . 5 4 Ballistic Gun 12 | . 15 14 14 14 8 4 Ballistic Cannon 1 | . 12 . . . 2 . Launcher 9 | . . 14 14 14 1 6 Naked Turns . | . . . . . . . Heaviest Build 47 | 12 33 33 33 30 46 47 Greatest Support 60 | 20 20 20 20 20 60 60 Greatest Overweight (x) 2 | . 1 1 1 1 2 . Average Overweight (x) . | . . 1 . 1 . . Largest Inventory Capacity 35 | 8 15 15 35 15 15 15 Average Capacity 14 | 8 11 15 14 15 15 15 Most Carried 15 | 6 15 14 15 15 15 15 Average Carried 13 | 6 8 14 14 14 14 14 Final Capacity 15 | 8 15 15 15 15 15 15 Final Carried 15 | 6 14 14 14 15 15 14 Class Distribution -------------------- 83% | Mutant 10% | Skirmisher 4% | Scavenger-Skirmisher Dominant Class ---------------- Mutant | -10/Materials Mutant | -10/Mines Mutant | -10/Exiles Mutant | -9/Mines Skirmisher | -8/Materials Skirmisher | -8/Storage Resources | -11 -10 -10 -10 -9 -8 -8 ----------- Run | Jun Mat Min Exi Min Mat Sto Matter Collected 892 | 201 146 . . 79 423 43 Remotely . | . . . . . . . Salvage Created 1090 | 13 168 . . 39 671 199 Parts 53 | 3 4 . . 6 33 7 Haulers Intercepted 2 | . . . . . 1 1 Recyclers Shooed . | . . . . . . . Parts Field Recycled . | . . . . . . . Retrieved Matter . | . . . . . . . Parts Self-Destructed . | . . . . . . . Prevented . | . . . . . . . Kills | -11 -10 -10 -10 -9 -8 -8 ------- Run | Jun Mat Min Exi Min Mat Sto Combat Hostiles Destroyed 26 | . 4 . . . 17 5 Guns 3 | . 2 . . . 1 . Cannons 10 | . 2 . . . 7 1 AOE 13 | . . . . . 9 4 Classes Destroyed 14 | 1 2 . . . 9 2 Worker 1 | . . . . . 1 . Builder 1 | . . . . . 1 . Tunneler 3 | 1 . . . 2 . . Hauler 2 | . . . . . 1 1 Recycler 1 | . . . . . 1 . Mechanic 1 | . . . . . 1 . Drone 1 | . . . . . . 1 Watcher 1 | . 1 . . . . . Swarmer 3 | . . . . . 3 . Grunt 17 | . 4 . . . 9 4 Brawler 1 | . . . . . 1 . Duelist 1 | . . . . . . 1 Sentry 2 | . . . . . 2 . Hunter 2 | . . . . . 2 . Best Kill Streak 10 | 1 2 . . 1 10 6 Combat Bots Only 6 | . 2 . . . 6 5 Max Kills in Single Turn 4 | 1 1 . . 1 4 3 Gunslinging . | . . . . . . . Exploded 3 | . . . . . 3 2 Melee . | . . . . . . . Uniques/NPCs Destroyed . | . . . . . . . Combat | -11 -10 -10 -10 -9 -8 -8 -------- Run | Jun Mat Min Exi Min Mat Sto Damage Taken 1955 | . 162 . . . 1191 602 Core 256 | . 43 . . . 149 64 Absorbed by Shields . | . . . . . . . Core Remaining (%) 91 | 100 . . . 82 . . Volleys Fired 79 | 2 14 . 3 4 46 10 Largest 2 | 2 2 . 1 1 2 2 Hottest 88 | 40 55 . 30 20 88 88 Shots Fired 149 | 4 28 . 3 4 90 20 Gun 68 | 4 15 . . 4 40 5 Cannon 56 | . 13 . . . 38 5 Launcher 25 | . . . 3 . 12 10 Special . | . . . . . . . Kinetic 92 | 4 28 . . 4 51 5 Thermal 32 | . . . . . 27 5 Explosive 25 | . . . 3 . 12 10 Electromagnetic . | . . . . . . . Robot Hit Streak 6 | 3 5 . . 3 6 6 Robot Miss Streak 4 | . 2 . . 1 4 4 Penetration Max 1 | . . . . . 1 1 Secondary Targets . | . . . . . . . Shots Hit Robots 84 | 3 17 . . 3 52 9 Core Hits 73 | 1 8 . . 2 41 21 Critical Kills 1 | . 1 . . . . . Critical Parts Destroyed 1 | . . . . . 1 . Critical Strikes 3 | . 2 . . . 1 . Destroy 2 | . 1 . . . 1 . Blast 1 | . 1 . . . . . Melee Attacks . | . . . . . . . Impact . | . . . . . . . Slashing . | . . . . . . . Piercing . | . . . . . . . Sneak Attacks . | . . . . . . . Combat Hostiles . | . . . . . . . Follow-up Attacks . | . . . . . . . Damage Inflicted 3301 | 27 261 . . 50 2252 711 Guns 714 | 27 103 . . 37 453 94 Cannons 741 | . 158 . . . 493 90 Explosions 1807 | . . . . . 1280 527 Melee . | . . . . . . . Ramming 39 | . . . . 13 26 . Kinetic 997 | 27 261 . . 37 578 94 Thermal 458 | . . . . . 368 90 Explosive 1807 | . . . . . 1280 527 Electromagnetic . | . . . . . . . Impact . | . . . . . . . Slashing . | . . . . . . . Piercing . | . . . . . . . Highest Corruption . | . . . . . . . Average Corruption . | . . . . . . . Corruption Purged . | . . . . . . . Corruption Blocked . | . . . . . . . Overload Shots . | . . . . . . . Overflow Damage 42 | . . . . . 42 . Projectiles . | . . . . . . . Explosions 42 | . . . . . 42 . Melee . | . . . . . . . Knockbacks 1 | . . . . . 1 . Impact . | . . . . . . . Kinetic 1 | . . . . . 1 . Secondary . | . . . . . . . Self-Inflicted Damage 70 | . . . . . 23 47 Shots 3 | . . . . . 1 2 Rammed . | . . . . . . . Targets Rammed 8 | . . . . 2 6 . Kicked 8 | . . . . 2 6 . Crushed . | . . . . . . . Highest Temperature 271 | . 29 . . . 271 123 Average Temperature 71 | . 11 . . . 84 64 Received Heat Transfer 804 | . 93 . . . 396 315 Effects 3 | . . . . . 3 . Interference 3 | . . . . . 3 . Siege Activations . | . . . . . . . Robots Corrupted . | . . . . . . . Combat Hostiles . | . . . . . . . Parts Fried . | . . . . . . . Impact Corruptions . | . . . . . . . Robots Melted . | . . . . . . . Combat Hostiles . | . . . . . . . Parts Melted 1 | . . . . . 1 . Heat Transferred 740 | . . . . . 592 148 Parts Sabotaged . | . . . . . . . Parts Stolen . | . . . . . . . Parts Stripped . | . . . . . . . Power Chain Reactions . | . . . . . . . Missiles Intercepted . | . . . . . . . Alert | -11 -10 -10 -10 -9 -8 -8 ------- Run | Jun Mat Min Exi Min Mat Sto Peak Influence 536 | 5 123 13 . 10 536 352 Initial 162 | . 3 13 . . . 162 Average 89 | 3 50 13 . 2 175 245 Maximum Alert Level 2 | . . . . . 2 1 Low Security (%) 85 | 100 100 100 . 100 70 46 Level 1 8 | . . . . . 13 53 Level 2 5 | . . . . . 16 . Level 3 . | . . . . . . . Level 4 . | . . . . . . . Level 5 . | . . . . . . . High Security . | . . . . . . . Max Security . | . . . . . . . Squads Dispatched 9 | . . . . . 4 5 Investigation 2 | . . . . . 2 . Extermination . | . . . . . . . Reinforcement 4 | . . . . . 1 3 Assault 1 | . . . . . 1 . Garrison 2 | . . . . . . 2 Intercept . | . . . . . . . Searches Triggered . | . . . . . . . Construction Impeded 1 | . . . . . . 1 Haulers Reinforced . | . . . . . . . Active Scanning Responses . | . . . . . . . Cargo Convoy Interrupts . | . . . . . . . Stealth | -11 -10 -10 -10 -9 -8 -8 --------- Run | Jun Mat Min Exi Min Mat Sto Distress Signals 6 | . 1 . . . 3 2 Communications Jammed . | . . . . . . . Distress Signals . | . . . . . . . Times Spotted 50 | . 10 . . . 28 12 Peak Tracking Total 10 | . 3 . . . 7 10 Tactical Retreats 2 | . 1 . . . 1 . Traps | -11 -10 -10 -10 -9 -8 -8 ------- Run | Jun Mat Min Exi Min Mat Sto Traps Triggered 1 | . . . . . 1 . Indirectly . | . . . . . . . Trap Hack Attempts . | . . . . . . . Triggered . | . . . . . . . Disarmed . | . . . . . . . Reprogrammed . | . . . . . . . Reused . | . . . . . . . Traps Extracted . | . . . . . . . Installed . | . . . . . . . Triggered . | . . . . . . . Machines | -11 -10 -10 -10 -9 -8 -8 ---------- Run | Jun Mat Min Exi Min Mat Sto Machines Disabled 1 | . . . . . 1 . Max in Single Turn 1 | . . . . . 1 . Garrison Access 1 | . . . . . 1 . Machines Repaired . | . . . . . . . Machines Sabotaged . | . . . . . . . Overloaded Fab Kills . | . . . . . . . Hacking | -11 -10 -10 -10 -9 -8 -8 --------- Run | Jun Mat Min Exi Min Mat Sto Machines Accessed 14 | . 4 . 3 1 4 2 Terminals 10 | . 4 . . 1 3 2 Fabricators . | . . . . . . . Repair Stations . | . . . . . . . Recycling Units . | . . . . . . . Scanalyzers 1 | . . . . . 1 . Garrison Access . | . . . . . . . Total Hacks 19 | . 7 . 3 2 4 3 Successful 12 | . 3 . 3 . 4 2 Failed 7 | . 4 . . 2 . 1 Catastrophic . | . . . . . . . Database Lockouts . | . . . . . . . Manual 13 | . 5 . 1 2 3 2 Terminals 15 | . 7 . . 2 3 3 Fabricators . | . . . . . . . Repair Stations . | . . . . . . . Recycling Units . | . . . . . . . Scanalyzers 1 | . . . . . 1 . Garrison Access . | . . . . . . . Terminal Hacks 7 | . 1 . 3 . 1 2 Record 2 | . . . 2 . . . Open Door 1 | . . . . . . 1 Branch Access Points 3 | . 1 . . . 1 1 Derelict Proto ID Bank 1 | . . . 1 . . . Fabricator Hacks . | . . . . . . . Repair Station Hacks . | . . . . . . . Recycling Unit Hacks . | . . . . . . . Scanalyzer 1 | . . . . . 1 . Insert Component 1 | . . . . . 1 . Garrison Access Hacks . | . . . . . . . Unauthorized Hacks 4 | . 2 . . . 2 . Terminals 4 | . 2 . . . 2 . Botnet 3 | . 2 . . . 1 . Search 1 | . . . . . 1 . Fabricators . | . . . . . . . Repair Stations . | . . . . . . . Recycling Units . | . . . . . . . Scanalyzers . | . . . . . . . Garrison Access . | . . . . . . . Data Cores Recovered . | . . . . . . . Used . | . . . . . . . Hacking Detections 6 | . 3 . . 1 1 1 Full Trace Events . | . . . . . . . Feedback Events . | . . . . . . . Feedback Blocked . | . . . . . . . Robot Schematics Acquired . | . . . . . . . Robots Built . | . . . . . . . Authchips . | . . . . . . . Time . | . . . . . . . Total Robot Build Rating . | . . . . . . . Part Schematics Acquired . | . . . . . . . Parts Built . | . . . . . . . Authchips . | . . . . . . . Time . | . . . . . . . Total Part Build Rating . | . . . . . . . Parts Repaired . | . . . . . . . Time . | . . . . . . . Parts Recycled . | . . . . . . . Recycled Matter . | . . . . . . . Retrieved Matter . | . . . . . . . Retrieved Components . | . . . . . . . Parts Scanalyzed . | . . . . . . . Part Schematics Acquired . | . . . . . . . Parts Damaged . | . . . . . . . Bothacking | -11 -10 -10 -10 -9 -8 -8 ------------ Run | Jun Mat Min Exi Min Mat Sto Used RIF Installer . | . . . . . . . Robots Hacked . | . . . . . . . Non-combat . | . . . . . . . Combat . | . . . . . . . Robot Hacks Applied . | . . . . . . . Relay Couplers Released . | . . . . . . . Fabnet Peak Effective % . | . . . . . . . Robots Rewired . | . . . . . . . Allies Hacked . | . . . . . . . Hacks Repelled . | . . . . . . . Allies | -11 -10 -10 -10 -9 -8 -8 -------- Run | Jun Mat Min Exi Min Mat Sto Total Allies . | . . . . . . . Largest Group . | . . . . . . . Highest-Rated Group . | . . . . . . . Highest-Rated Ally . | . . . . . . . Total Orders 1 | . . . . . . 1 EXPLORE 1 | . . . . . . 1 Ally Attacks . | . . . . . . . Total Damage . | . . . . . . . Kills . | . . . . . . . Allies Corrupted . | . . . . . . . Allies Melted . | . . . . . . . Intel | -11 -10 -10 -10 -9 -8 -8 ------- Run | Jun Mat Min Exi Min Mat Sto Robot Analysis Total . | . . . . . . . Derelict Logs Recovered 2 | . . . . 2 . . Drone Launches 2 | . . . . . . 2 Drone Recoveries . | . . . . . . . Exploration | -11 -10 -10 -10 -9 -8 -8 ------------- Run | Jun Mat Min Exi Min Mat Sto Turns Passed 4593 | 24 560 149 1992 813 836 219 Spaces Moved 2349 | 15 327 79 1042 420 349 117 Core . | . . . . . . . Treads . | . . . . . . . Legs 2349 | 15 327 79 1042 420 349 117 Wheels . | . . . . . . . Hover . | . . . . . . . Flight . | . . . . . . . Fastest Speed 120 | 120 120 190 120 190 126 130 Average Speed 177 | 120 146 190 188 190 175 130 Slowest Speed 260 | 120 190 190 190 190 260 130 Overloaded Moves . | . . . . . . . Propulsion Burnouts . | . . . . . . . Robots Hopped . | . . . . . . . Cave-ins Triggered . | . . . . . . . Exploration Rate (%) 44 | 2 47 10 95 86 25 48 Regions Visited 6 Branch Regions 4 Pre-discovered Areas 1 | . . . . 1 . . Known Exits Taken 4 | . 1 . 1 1 1 . Unknown Exits Taken 2 | 1 . 1 . . . . Scrap Searched 1 | . . . . 1 . . Spaces Dug . | . . . . . . . Terrain Destroyed 135 | . . . 8 . 64 63 Melee . | . . . . . . . Projectile 3 | . . . . . 3 . AOE 132 | . . . 8 . 61 63 Terrain Rammed . | . . . . . . . Walls Destroyed . | . . . . . . . Machines Disabled . | . . . . . . . Actions | -11 -10 -10 -10 -9 -8 -8 --------- Run | Jun Mat Min Exi Min Mat Sto Total 2622 | 17 383 78 1070 430 482 162 Wait 83 | . 15 . . 2 39 27 Move 2343 | 14 326 78 1041 419 348 117 Hop . | . . . . . . . Pick Up 34 | . 12 . 13 2 6 1 Fast Attach 11 | 1 2 . 4 . 3 1 Attach 11 | . 1 . 1 . 8 1 Detach 3 | . 1 . 1 . 1 . Swap 24 | . 4 . . . 17 3 Drop 26 | . 8 . 7 1 8 2 Fire 79 | 2 14 . 3 4 46 10 Melee . | . . . . . . . Ram . | . . . . . . . Kick 8 | . . . . 2 6 . Crush . | . . . . . . . Escape Stasis . | . . . . . . . Rewire . | . . . . . . . Trap . | . . . . . . . Miscellaneous . | . . . . . . . Route ------- -11/Junkyard -10/Materials (discovered 2 exits: [*Mat] / *Min) -10/Mines -10/Exiles (discovered 2 exits: *Min x2) -9/Mines -8/Materials (discovered 2 exits: *Sto x2) -8/Storage (discovered 1 exit: Rec) History --------- Turn | Location | Event 1 | -11/Junkyard | Discovered new exit (range 3) 25 | -11/Junkyard | Entered Materials 230 | -10/Materials | Identified exit to Mines 322 | -10/Materials | Build established: Mutant 355 | -10/Materials | Discovered new exit (range 5) 585 | -10/Materials | Entered Mines 612 | -10/Mines | Met a Derelict bent on vengeance 654 | -10/Mines | Deemed a non-threat by the Exiles lab entrance 656 | -10/Mines | Discovered new exit (range 5) 734 | -10/Mines | Entered Exiles 775 | -10/Exiles | Discovered new exit (range 14) 845 | -10/Exiles | Met 8R-AWN 883 | -10/Exiles | Met EX-HEX 940 | -10/Exiles | Met EX-BIN 970 | -10/Exiles | Aligned with FarCom system 972 | -10/Exiles | Given EX-Vault access code 1081 | -10/Exiles | Opened EX-Vault 1113 | -10/Exiles | Found Cloak of Protection 1156 | -10/Exiles | Warned to stay clear of 0b10 Research branches 1218 | -10/Exiles | Met EX-DEC 1438 | -10/Exiles | Visited The Gauntlet 2000 | -10/Exiles | Discovered new exit (range 10) 2123 | -10/Exiles | Identified exit to Mines 2726 | -10/Exiles | Left Exiles lab with Cloak of Protection 2726 | -10/Exiles | Entered Mines 2825 | -9/Mines | Found a damaged Exp. Sensor Array with a note attached 2831 | -9/Mines | Found Prototype Device 2847 | -9/Mines | Learned location of Zion (-6) 3008 | -9/Mines | YI-UF0 nonchalantly dropped a Grenade Launcher on the ground 3524 | -9/Mines | Discovered new exit (range 3) 3529 | -9/Mines | Identified exit to Materials 3539 | -9/Mines | Entered Materials 3539 | -8/Materials | Evolved 4 slots: Propulsion x1, Utility x3 3540 | -8/Materials | Identified exit to Storage 3673 | -8/Materials | Identified Exp. Sensor Array 4375 | -8/Materials | Entered Storage 4466 | -8/Storage | Garrison activated, responded to threat 4521 | -8/Storage | Identified exit to Recycling 4594 | -8/Storage | Self-destructed Last Messages --------------- 04495_ Critical hit (Burn: +37). 04497_ Drone destroyed. 04497_ A-02 Transporter destroyed. 04497_ G-47 Trooper destroyed. 04497_ K-01 Serf collects debris. 04499_ ALERT: Hostiles spotted, dispatching reinforcements to Terminal S008. 04500_ L-31 Rogue destroyed. 04500_ G-47 Trooper destroyed. 04500_ K-01 Serf cleans the Repair Station. 04504_ The unstable cave ceiling collapses. 04504_ 40 Matter crushed. 04506_ K-01 Serf collects debris. 04521_ Connecting with Terminal... >>Access(Branch) Found 1 branch access point: (13,9) Recycling Map updated. 04523_ Grenade Launcher destroyed. 04581_ Drone Bay destroyed. Map ----- +----------------------------------------------------+ | ???????????????????????# # #???# #??????? | | ???????????????????????# # """" #???# #??????? | | ????????????######+##### # ""??? #???# #??????? | | ????????????# ## # ""???? #???# #???? ?? | | ????????????# ## / "????? #???# #??????# | | ????????????# ## # "????? #???# #??????? | | ????????????# ## # "????? #???# #????### | | ????????????# ## # ?????#???# #????#"" | | ????????????# ## ######????????# #????#"G | | ????????????# ## g#??######?????# #???##" | | ????????????# ## #### ! !#?????# #???# | | ????????# ##/######+### ##T# !! #?????# #???#"" | | ????????+ # " #?????# #???#"T | | ????????# + !#?????# #???#"" | | ????????#+########+##### # " ! #?????# #???# | | ??????????????# # # # !!#????## ##??# | | ??????????????# """ + #########????# #### | | ??????????????# """"?" ####????????????# T / | | ??????????????# "????" ##??????????????# #####"Y | | ??????????????# "????" #??????????????###+####?#"" | | ??????????????# "?"""" #??#???????????# ^% #?### | | ??????????????# """ #?????????????## ""#?? | | ??????????????# #??????????????# T"#?? | | ??????????????# #??????????????# " " ""##? | | ??????????????###############?????????#"" " ####? | | ???????????????????#????#@ #?????????# #???? | | ????????????????????????# #?????????##### ##???? | | ???????????????Y????????# #??????????????##????? | | ????????????????????????# #???????#????????????? | | ????????????????????????# #????????????????????# | | ?????????????????????? ?# #???????????????##???? | | ????????????????? ??????# #????????????????????? | | ????????????????????????# #??????????#?????????# | | ????????????????????????# #?????????#?????????#? | | ????????????????????????# #??????????????????#?# | | ???????????????????"???## #??????#??????#??????# | | ????????????????????????# g #???????????##??????## | | ????????????????????????#g g#?????????#???????### | | ????????????????????????# Yo#???????????????#?# | | ????????????????????????# #?????????????????# " | | ????????????????????????# b##??#?????????????# " | | ????????????????????????# s################### " | | ????????????????????????# gss + | | ??????????????????? ????# ##### ############# " | | ????????????#?????????? + #???# #????#??????# " | | ??????????????????? ??? #####???# #???????????# " | | ?????????????????????? ????????# #??????#????# | | ?????????????????????##?????????# #????#??????#### | | ????????????????????????????????# #?????????#????? | | ???????????????????????????????? #??????????????? | +----------------------------------------------------+ Best States ------------- Heat Dissipation 45 Energy Generation 16 Energy Capacity 500 Matter Stores 300 Matter Capacity 300 Sight Range 16 Terrain Scan Range 16 Terrain Scan Density 10 Armor Coverage 300 Evasion (%) 55 Offensive Hacking 10 Item Schematics ----------------- None Robot Schematics ------------------ None Fabricated ------------ Nothing Alien Tech Used ----------------- None Achievements -------------- None Challenges ------------ None Game ------ Seed MolecularMetaReconstructor Manual? 0 Play Time 00:32:25 Cumulative 63.4 hours Start 2023.08.06 @ 14:00:29 End 2023.08.06 @ 14:32:40 Sessions 1 Manual Loads 0 Difficulty Rogue Special Mode None Game No. 38 Rogue 38 Adventurer 0 Explorer 0 Win Type - Total 1 Types 1/0/0/0/0/0/0/0/0 Lore% 38 Gallery% 52 Achievement% 37 Wizard Run 0 Options --------- ASCII 0 Keyboard 1 Movement Numpad Keybinds 0 Fullscreen 1 Font 24/Smallcaps Map View 76x50 Tactical HUD 1 Map Filters NONE Filters NONE Steam 1 RUN: 4faf260b-e268-4edc-b046-1a16084546fc